Cogmind - Beta 11 X7 @@@ ROGUE MODE // 2021.09.23 @ 01:20:39 Player: Runia Result: Destroyed by as-51811 with Assembled Focal Cannon Performance ------------- Evolutions (3) 1500 Regions Visited (9) 1800 Robots Destroyed (128) 640 Value Destroyed (3280) 3280 Prototype IDs (15) 300 Alien Tech Used (0) 0 Bonus (1003) 1003 TOTAL SCORE: 8523 Bonus ------- High Alert Combat Kills 177 Follower Combat Kills 60 Destroyed Z-Imprinter 1000 Friendly Fire -234 Cogmind --------- Core Integrity 0/700 Matter 271/300 Energy 43/100 System Corruption 7% Temperature Cool (6) Movement Core (100) Ox1 Location -7/Deep Caves Parts ------- > --- POWER (1) -------- (None) > --- PROPULSION (4) --- (None) > --- UTILITY (5) ------ Advanced Terrain Scan Processor > --- WEAPON (3) ------- Phasing Sabre > --- INVENTORY (5) ---- Improved Sensor Array Improved Terrain Scanner Peak State ------------ > --- POWER ------------ Zionite Light DM Reactor > --- PROPULSION ------- Zionite Glidesys I Zionite Glidesys I Zionite Glidesys II > --- UTILITY ---------- Experimental Heat Sink Huge Storage Unit Improved Sensor Array Advanced Terrain Scan Processor Phasing AFG > --- WEAPON ----------- Zionite Laser-M Heavy Battle Rifle Phasing Sabre > --- INVENTORY -------- Cooling System Zionite Biocell High-capacity Matter Pod Improved Signal Interpreter Improved Terrain Scanner Transmission Jammer Advanced Reaction Control System Zionite Weapon Casing Focal Shield Makeshift Hacking Suite Makeshift System Shield System Backup Module Improved Field Recycling Unit Zionite Laser-S Latent Energy Streamer Ion Cannon Improved Assault Rifle Improved Assault Rifle Heavy Assault Cannon Gauss Cannon Mini Grenade Launcher Missile Launcher [Rating: 83] Favorites ----------- Power Improved Deuterium Engine Engine Improved Deuterium Engine Power Core Enhanced Nuclear Core Reactor Zionite Light DM Reactor Propulsion Light Treads Treads Light Treads Leg Aluminum Leg Wheel Armored Wheel Hover Unit Zionite Glidesys I Utility Huge Storage Unit Device Improved Sensor Array Storage Huge Storage Unit Processor Advanced Terrain Scan Processor Hackware System Shield Protection Light Armor Plating Weapon Improved Assault Rifle Energy Gun Zionite Laser-M Energy Cannon Latent Energy Streamer Ballistic Gun Improved Assault Rifle Ballistic Cannon Improved Light Cannon Launcher Mini Grenade Launcher Impact Weapon Heavy Mace Slashing Weapon Phasing Sabre Build | -11 -10 -9 -9 -8 -7 -7 -7 -7 -7 ------- Run | Scr Mat Mat Min Mat Fac Low Low Zio Dee Slots Evolved 6 | . . 2 . 2 2 . . . . Power . | . . . . . . . . . . Propulsion 2 | . . 1 . . 1 . . . . Utility 3 | . . 1 . 1 1 . . . . Weapon 1 | . . . . 1 . . . . . Parts Attached 175 | . 14 29 4 51 14 10 5 11 37 Power 14 | . 3 3 . 3 2 . . . 3 Engine 12 | . 3 3 . 3 1 . . . 2 Core 1 | . . . . . 1 . . . . Reactor 1 | . . . . . . . . . 1 Propulsion 36 | . 4 8 . 18 1 1 . . 4 Treads 30 | . 4 7 . 16 1 1 . . 1 Leg . | . . . . . . . . . . Wheel 3 | . . 1 . 2 . . . . . Hover 3 | . . . . . . . . . 3 Flight . | . . . . . . . . . . Utility 60 | . 3 7 1 10 8 5 4 5 17 Device 30 | . . . . 4 5 4 2 5 10 Storage 5 | . 2 1 . . . . . . 2 Processor 5 | . 1 . . 2 1 . . . 1 Hackware 1 | . . . . 1 . . . . . Protection 19 | . . 6 1 3 2 1 2 . 4 Artifact . | . . . . . . . . . . Weapon 65 | . 4 11 3 20 3 4 1 6 13 Energy Gun 2 | . . . . . . . . . 2 Energy Cannon 3 | . . . . 1 1 . . . 1 Ballistic Gun 36 | . 3 8 2 14 2 1 1 1 4 Ballistic Cannon 5 | . 1 1 . . . . . 1 2 Launcher 10 | . . 2 1 3 . 1 . 1 2 Special Weapon . | . . . . . . . . . . Impact Weapon 6 | . . . . 2 . 2 . 2 . Slashing Weapon 3 | . . . . . . . . 1 2 Piercing Weapon . | . . . . . . . . . . Special Melee Weapon . | . . . . . . . . . . Unidentified Prototypes 13 | . . 1 . 1 1 . . 1 9 Parts Lost 29 | . 1 . 1 5 . . . . 22 Power 4 | . 1 . . . . . . . 3 Propulsion 9 | . . . . 1 . . . . 8 Utility 7 | . . . 1 1 . . . . 5 Weapon 9 | . . . . 3 . . . . 6 Highest Loss Streak 13 | . 1 . 1 3 . . . . 13 Average Slot Usage (%) 97 | . 99 100 99 98 99 100 100 99 90 Engine 7 | . 13 11 11 8 6 7 7 7 1 Treads 20 | . 26 32 22 18 23 23 23 23 5 Wheel 5 | . . . 11 8 7 7 7 7 1 Hover 2 | . . . . . . . . . 15 Device 8 | . . . . 5 14 14 14 15 13 Storage 9 | . 14 11 11 9 7 7 7 7 10 Processor 13 | . 13 11 11 17 15 15 15 15 9 Protection 3 | . . 11 10 2 . . . . 2 Ballistic Gun 19 | . 25 18 19 23 22 20 20 21 9 Naked Turns . | . . . . . . . . . . Heaviest Build 124 | 10 31 96 97 106 113 109 102 113 124 Greatest Support 60 | 20 40 60 12 60 12 12 12 12 44 Greatest Overweight (x) 32 | . . 7 8 8 9 9 8 9 32 Average Overweight (x) 5 | . . . 7 7 8 8 8 8 3 Largest Inventory Capacity 25 | 8 15 25 25 25 25 25 25 25 25 Average Capacity 22 | 8 9 16 25 25 25 25 25 25 23 Most Carried 25 | 5 12 16 16 25 25 25 25 25 25 Average Carried 20 | 4 7 14 15 22 24 24 25 24 21 Final Capacity 25 | 8 15 25 25 25 25 25 25 25 5 Final Carried 25 | 4 12 16 15 25 25 25 25 25 2 Class Distribution -------------------- 27% | Scavenger-Mutant 21% | Scavenger-Skirmisher 20% | Mutant 17% | Skirmisher 4% | Assassin 3% | Gunner Dominant Class ---------------- Mutant | -10/Materials Scavenger-Mutant | -9/Materials Scavenger-Mutant | -9/Mines Skirmisher | -8/Materials Scavenger-Skirmisher | -7/Factory Scavenger-Skirmisher | -7/Lower Caves Scavenger-Skirmisher | -7/Lower Caves Skirmisher | -7/Zion Scavenger-Mutant | -7/Deep Caves Resources | -11 -10 -9 -9 -8 -7 -7 -7 -7 -7 ----------- Run | Scr Mat Mat Min Mat Fac Low Low Zio Dee Matter Collected 4346 | 173 461 942 237 1356 326 120 140 46 545 Remotely . | . . . . . . . . . . Salvage Created 5175 | . 480 1459 319 1767 455 110 203 . 382 Parts 306 | . 34 109 11 102 21 4 8 . 17 Haulers Intercepted 8 | . 1 4 . 3 . . . . . Recyclers Shooed 5 | 1 . . . 3 1 . . . . Parts Field Recycled 13 | . . . . . . . . 1 12 Retrieved Matter 66 | . . . . . . . . 4 62 Parts Self-Destructed 12 | . . . . . . 4 8 . . Prevented . | . . . . . . . . . . Kills | -11 -10 -9 -9 -8 -7 -7 -7 -7 -7 ------- Run | Scr Mat Mat Min Mat Fac Low Low Zio Dee Combat Hostiles Destroyed 95 | . 11 32 7 29 2 1 4 . 9 Guns 61 | . 11 20 5 16 2 1 3 . 3 Cannons 16 | . . 10 . 6 . . . . . AOE 18 | . . 2 2 7 . . 1 . 6 Classes Destroyed 17 | . 5 4 2 3 1 . 1 . 1 Worker 7 | . . 4 . 2 1 . . . . Builder 2 | . . . . 1 1 . . . . Tunneler 1 | . . 1 . . . . . . . Hauler 8 | . 1 4 . 3 . . . . . Recycler 11 | . . 2 1 4 4 . . . . Operator 2 | . 1 1 . . . . . . . Watcher 8 | . 2 2 . 4 . . . . . Swarmer 25 | . 3 12 . 10 . . . . . Grunt 35 | . 8 11 6 7 . . 3 . . Duelist 1 | . . . . . . . 1 . . Sentry 18 | . . 9 . 9 . . . . . Hunter 3 | . . . . 2 1 . . . . Programmer 2 | . . . . . 1 1 . . . Heavy 1 | . . . . 1 . . . . . Zionite 1 | . . . 1 . . . . . . Z-Technician 4 | . . . . . . . . . 4 Z-Light 2 | . . . . . . . . . 2 Packrat 1 | . . . . . . 1 . . . Assembled 7 | . . . 1 . . . . . 6 Best Kill Streak 12 | . 4 12 2 4 2 1 4 . 4 Combat Bots Only 10 | . 3 10 2 3 1 1 4 . 4 Max Kills in Single Turn 3 | . 1 2 2 3 2 1 1 . 2 Gunslinging 1 | . . 1 . . . . . . . Exploded 3 | . . 2 1 3 . . 1 . 2 Melee . | . . . . . . . . . . Uniques/NPCs Destroyed 1 | . . . . . . . . . 1 Z-Imprinter (-7/Deep Caves) Combat | -11 -10 -9 -9 -8 -7 -7 -7 -7 -7 -------- Run | Scr Mat Mat Min Mat Fac Low Low Zio Dee Damage Taken 7159 | . 464 809 183 1931 21 32 298 . 3421 Core 1276 | . 47 85 14 424 . 16 17 . 673 Absorbed by Shields . | . . . . . . . . . . Core Remaining (%) 69 | 100 81 . 75 22 . . . . . Volleys Fired 340 | 2 51 95 24 97 13 3 8 2 45 Largest 3 | 2 2 2 2 3 3 3 3 1 3 Hottest 113 | 40 40 64 46 113 111 76 76 60 76 Shots Fired 733 | 4 102 188 38 258 39 9 20 2 73 Gun 631 | 4 102 148 28 230 38 9 18 1 53 Cannon 73 | . . 38 . 23 1 . . 1 10 Launcher 29 | . . 2 10 5 . . 2 . 10 Special . | . . . . . . . . . . Kinetic 674 | 4 102 186 28 230 38 9 18 2 57 Thermal 24 | . . . . 23 1 . . . . Explosive 29 | . . 2 10 5 . . 2 . 10 Electromagnetic 6 | . . . . . . . . . 6 Robot Hit Streak 32 | 4 10 17 16 32 10 4 8 . 6 Robot Miss Streak 4 | . 4 4 1 3 2 1 1 . 3 Penetration Max 1 | . . . . 1 . . . . . Secondary Targets 7 | . 2 3 . 2 . . . . . Max Gunslinging Chain 1 | . 1 1 . 1 . . . . . Shots Hit Robots 489 | 4 71 125 22 175 25 6 14 . 47 Core Hits 239 | 1 34 57 20 71 13 2 11 . 30 Critical Kills 1 | . . . . 1 . . . . . Critical Parts Destroyed 3 | . 1 . . 2 . . . . . Critical Strikes 7 | . 1 1 . 3 . . . . 2 Destroy 6 | . 1 1 . 3 . . . . 1 Blast 1 | . . . . . . . . . 1 Melee Attacks 27 | . . . . 1 . 3 . 8 15 Impact 12 | . . . . 1 . 3 . 8 . Slashing 15 | . . . . . . . . . 15 Piercing . | . . . . . . . . . . Sneak Attacks 8 | . . . . . . 1 . . 7 Combat Hostiles . | . . . . . . . . . . Follow-up Attacks . | . . . . . . . . . . Damage Inflicted 10957 | 34 591 2378 703 3685 446 217 355 . 2548 Guns 6689 | 34 588 1573 312 2742 422 120 243 . 655 Cannons 1164 | . . 567 . 364 24 . . . 209 Explosions 2042 | . . 238 391 579 . . 112 . 722 Melee 1059 | . . . . . . 97 . . 962 Ramming 3 | . 3 . . . . . . . . Kinetic 7456 | 34 588 2140 312 2742 422 120 243 . 855 Thermal 388 | . . . . 364 24 . . . . Explosive 1757 | . . 238 391 579 . . 112 . 437 Electromagnetic 294 | . . . . . . . . . 294 Impact 97 | . . . . . . 97 . . . Slashing 962 | . . . . . . . . . 962 Piercing . | . . . . . . . . . . Highest Corruption 7 | . . . . . . . . . 7 Average Corruption 4 | . . . . . . . . . 4 Corruption Purged 3 | . . . . . . . . . 3 Effects 2 | . . . . . . . . . 2 Message Errors 1 | . . . . . . . . . 1 Data Loss (minor) 1 | . . . . . . . . . 1 Overload Shots . | . . . . . . . . . . Overflow Damage 541 | . . 41 23 26 . 65 . . 386 Projectiles 21 | . . 13 . 8 . . . . . Explosions 77 | . . 28 23 18 . . . . 8 Melee 443 | . . . . . . 65 . . 378 Knockbacks 1 | . . . . . . . . . 1 Impact . | . . . . . . . . . . Kinetic 1 | . . . . . . . . . 1 Secondary . | . . . . . . . . . . Self-Inflicted Damage 173 | . . . 122 . . . . . 51 Shots 5 | . . . 3 . . . . . 2 Rammed 2 | . 1 . 1 . . . . . . Targets Rammed 2 | . 1 . 1 . . . . . . Kicked . | . . . . . . . . . . Crushed . | . . . . . . . . . . Highest Temperature 244 | . 18 131 5 242 42 74 109 6 244 Average Temperature 57 | . 8 28 3 75 19 34 54 4 131 Received Heat Transfer 1821 | . 237 216 27 414 . . 144 . 783 Effects 2 | . . . . 2 . . . . . Interference 2 | . . . . 2 . . . . . Siege Activations . | . . . . . . . . . . Robots Corrupted . | . . . . . . . . . . Combat Hostiles . | . . . . . . . . . . Parts Fried 2 | . . . . . . 1 . . 1 Impact Corruptions 2 | . . . . . . 2 . . . Robots Melted . | . . . . . . . . . . Combat Hostiles . | . . . . . . . . . . Parts Melted 1 | . . . . . 1 . . . . Heat Transferred 592 | . . . . 555 37 . . . . Parts Sabotaged . | . . . . . . . . . . Parts Stolen . | . . . . . . . . . . Parts Stripped . | . . . . . . . . . . Power Chain Reactions . | . . . . . . . . . . Missiles Intercepted . | . . . . . . . . . . Latent Energy Used 428 | . . . . . . . . . 428 LE Corruption 10 | . . . . . . . . . 10 Alert | -11 -10 -9 -9 -8 -7 -7 -7 -7 -7 ------- Run | Scr Mat Mat Min Mat Fac Low Low Zio Dee Peak Influence 863 | . 179 374 183 863 336 . . . . Initial 99 | . . . 99 1 56 . . . . Average 176 | . 58 209 60 301 150 . . . . Maximum Alert Level 3 | . . 1 . 3 1 . . . . Low Security (%) 64 | 100 100 33 100 53 55 . . . . Level 1 24 | . . 66 . 5 44 . . . . Level 2 5 | . . . . 21 . . . . . Level 3 5 | . . . . 19 . . . . . Level 4 . | . . . . . . . . . . Level 5 . | . . . . . . . . . . High Security . | . . . . . . . . . . Max Security . | . . . . . . . . . . Squads Dispatched 14 | . 2 3 . 5 4 . . . . Investigation 3 | . . 1 . 1 1 . . . . Extermination 2 | . . . . . 2 . . . . Reinforcement 7 | . 2 2 . 2 1 . . . . Assault . | . . . . . . . . . . Garrison 2 | . . . . 2 . . . . . Intercept . | . . . . . . . . . . Construction Impeded . | . . . . . . . . . . Haulers Reinforced 1 | . . . . . 1 . . . . Active Scanning Responses . | . . . . . . . . . . Cargo Convoy Interrupts . | . . . . . . . . . . Stealth | -11 -10 -9 -9 -8 -7 -7 -7 -7 -7 --------- Run | Scr Mat Mat Min Mat Fac Low Low Zio Dee Distress Signals 8 | . 2 4 1 1 . . . . . Communications Jammed . | . . . . . . . . . . Distress Signals . | . . . . . . . . . . Times Spotted 151 | . 27 47 11 41 8 1 5 . 11 Peak Tracking Total 7 | . 4 7 3 6 2 1 4 . 3 Tactical Retreats 9 | . 1 3 1 2 . . 1 . 1 Traps | -11 -10 -9 -9 -8 -7 -7 -7 -7 -7 ------- Run | Scr Mat Mat Min Mat Fac Low Low Zio Dee Traps Triggered 4 | . . 1 . 3 . . . . . Indirectly . | . . . . . . . . . . Trap Hack Attempts . | . . . . . . . . . . Triggered . | . . . . . . . . . . Disarmed . | . . . . . . . . . . Reprogrammed . | . . . . . . . . . . Reused . | . . . . . . . . . . Traps Extracted . | . . . . . . . . . . Installed . | . . . . . . . . . . Triggered . | . . . . . . . . . . Machines | -11 -10 -9 -9 -8 -7 -7 -7 -7 -7 ---------- Run | Scr Mat Mat Min Mat Fac Low Low Zio Dee Machines Disabled 3 | . . 1 . 1 . . . . 1 Max in Single Turn 1 | . . 1 . 1 . . . . 1 Garrison Access 2 | . . . . 1 1 . . . . Machines Sabotaged . | . . . . . . . . . . Garrisons Compromised . | . . . . . . . . . . Overloaded Fab Kills . | . . . . . . . . . . Fab Network Shutdowns . | . . . . . . . . . . Hacking | -11 -10 -9 -9 -8 -7 -7 -7 -7 -7 --------- Run | Scr Mat Mat Min Mat Fac Low Low Zio Dee Machines Accessed 30 | . 5 7 1 10 5 1 . 1 . Terminals 21 | . 4 5 1 7 4 . . . . Fabricators . | . . . . . . . . . . Repair Stations 2 | . 1 . . 1 . . . . . Recycling Units 1 | . . 1 . . . . . . . Scanalyzers 2 | . . 1 . 1 . . . . . Garrison Access 2 | . . . . 1 1 . . . . Total Hacks 94 | . 19 23 3 30 13 1 . 5 . Successful 64 | . 15 16 3 18 6 1 . 5 . Failed 30 | . 4 7 . 12 7 . . . . Catastrophic 3 | . . 1 . 1 1 . . . . Database Lockouts . | . . . . . . . . . . Manual 45 | . 9 12 2 15 7 . . . . Terminals 70 | . 17 16 3 23 11 . . . . Fabricators . | . . . . . . . . . . Repair Stations 4 | . 2 . . 2 . . . . . Recycling Units 3 | . . 3 . . . . . . . Scanalyzers 6 | . . 4 . 2 . . . . . Garrison Access 5 | . . . . 3 2 . . . . Terminal Hacks 35 | . 9 5 2 11 2 1 . 5 . Record 2 | . . . 1 . 1 . . . . Part Schematic 6 | . . 1 . . . . . 5 . Robot Analysis 3 | . 3 . . . . . . . . Prototype ID Bank 1 | . 1 . . . . . . . . Open Door 1 | . . . . . . 1 . . . Branch Access Points 2 | . . . . 1 1 . . . . Terminal Index 2 | . 1 . . 1 . . . . . Alert Level 3 | . 1 1 . 1 . . . . . Unreport Threat 9 | . 1 2 1 5 . . . . . Locate Traps 3 | . 1 1 . 1 . . . . . Hauler Manifests 1 | . . . . 1 . . . . . Zone Layout 2 | . 1 . . 1 . . . . . Fabricator Hacks . | . . . . . . . . . . Repair Station Hacks 4 | . 2 . . 2 . . . . . Scan Component 2 | . 1 . . 1 . . . . . Repair 2 | . 1 . . 1 . . . . . Recycling Unit Hacks 2 | . . 2 . . . . . . . Report Inventory 1 | . . 1 . . . . . . . Retrieve Components 1 | . . 1 . . . . . . . Scanalyzer 6 | . . 4 . 2 . . . . . Insert Component 3 | . . 2 . 1 . . . . . Analyze 3 | . . 2 . 1 . . . . . Garrison Access Hacks . | . . . . . . . . . . Unauthorized Hacks 17 | . 4 5 1 3 4 . . . . Terminals 14 | . 4 4 1 2 3 . . . . Track 1 | . . . . . 1 . . . . Botnet 13 | . 4 4 1 2 2 . . . . Fabricators . | . . . . . . . . . . Repair Stations . | . . . . . . . . . . Recycling Units 1 | . . 1 . . . . . . . Mask 1 | . . 1 . . . . . . . Scanalyzers . | . . . . . . . . . . Garrison Access 2 | . . . . 1 1 . . . . Jam 2 | . . . . 1 1 . . . . Data Cores Recovered 1 | . . 1 . . . . . . . Used . | . . . . . . . . . . Hacking Detections 24 | . 4 6 1 8 5 . . . . Full Trace Events . | . . . . . . . . . . Feedback Events . | . . . . . . . . . . Feedback Blocked . | . . . . . . . . . . Robot Schematics Acquired . | . . . . . . . . . . Robots Built . | . . . . . . . . . . Matter . | . . . . . . . . . . Time . | . . . . . . . . . . Total Robot Build Rating . | . . . . . . . . . . Part Schematics Acquired 9 | . . 3 . 1 . . . 5 . Parts Built . | . . . . . . . . . . Matter . | . . . . . . . . . . Time . | . . . . . . . . . . Total Part Build Rating . | . . . . . . . . . . Parts Repaired 2 | . 1 . . 1 . . . . . Time 58 | . 26 . . 32 . . . . . Parts Recycled . | . . . . . . . . . . Recycled Matter . | . . . . . . . . . . Retrieved Matter . | . . . . . . . . . . Retrieved Components 10 | . . 10 . . . . . . . Parts Scanalyzed 3 | . . 2 . 1 . . . . . Part Schematics Acquired 3 | . . 2 . 1 . . . . . Parts Damaged . | . . . . . . . . . . Bothacking | -11 -10 -9 -9 -8 -7 -7 -7 -7 -7 ------------ Run | Scr Mat Mat Min Mat Fac Low Low Zio Dee Used RIF Installer . | . . . . . . . . . . Robots Hacked . | . . . . . . . . . . Non-combat . | . . . . . . . . . . Combat . | . . . . . . . . . . Robot Hacks Applied . | . . . . . . . . . . Relay Couplers Released . | . . . . . . . . . . Robots Rewired . | . . . . . . . . . . Allies Hacked . | . . . . . . . . . . Hacks Repelled . | . . . . . . . . . . Allies | -11 -10 -9 -9 -8 -7 -7 -7 -7 -7 -------- Run | Scr Mat Mat Min Mat Fac Low Low Zio Dee Total Allies 2 | . . . 2 . . . . . . Largest Group 2 | . . . 2 . . . . . . Highest-Rated Group 45 | . . . 45 . . . . . . Highest-Rated Ally 31 | . . . 31 . . . . . . Total Orders . | . . . . . . . . . . Ally Attacks 12 | . . . 12 . . . . . . Total Damage 140 | . . . 140 . . . . . . Kills 3 | . . . 3 . . . . . . Allies Corrupted . | . . . . . . . . . . Allies Melted . | . . . . . . . . . . Intel | -11 -10 -9 -9 -8 -7 -7 -7 -7 -7 ------- Run | Scr Mat Mat Min Mat Fac Low Low Zio Dee Robot Analysis Total 3 | . 3 . . . . . . . . Derelict Logs Recovered 2 | . . . 1 . . . . 1 . Drone Launches . | . . . . . . . . . . Drone Recoveries . | . . . . . . . . . . Exploration | -11 -10 -9 -9 -8 -7 -7 -7 -7 -7 ------------- Run | Scr Mat Mat Min Mat Fac Low Low Zio Dee Turns Passed 13261 | 7 1236 1751 1091 1930 1023 774 699 2380 2370 Spaces Moved 5897 | 1 641 817 515 703 448 331 292 1108 1041 Core 18 | . . . . . . . . . 18 Treads 1393 | . 586 787 . 20 . . . . . Legs 56 | 1 55 . . . . . . . . Wheels 3644 | . . 30 515 683 448 331 292 1108 237 Hover 786 | . . . . . . . . . 786 Flight . | . . . . . . . . . . Fastest Speed 52 | 120 120 160 195 210 210 210 210 210 52 Average Speed 195 | 120 156 168 195 211 210 210 210 210 196 Slowest Speed 1650 | 120 160 260 210 360 225 225 210 225 1650 Overloaded Moves . | . . . . . . . . . . Propulsion Burnouts . | . . . . . . . . . . Robots Hopped . | . . . . . . . . . . Cave-ins Triggered . | . . . . . . . . . . Exploration Rate (%) 59 | 2 96 78 86 68 12 53 41 79 78 Regions Visited 9 Branch Regions 5 Pre-discovered Areas 1 | . . . . . . . . 1 . Known Exits Taken 1 | . . . . . 1 . . . . Unknown Exits Taken 8 | 1 1 1 1 1 . 1 1 1 . Scrap Searched 6 | . . . 2 . . 2 . 2 . Spaces Dug 6 | . . . . 1 . 2 . 3 . Terrain Destroyed 210 | . . 21 63 42 . 2 16 3 63 Melee 5 | . . . . 1 . 2 . 2 . Projectile 5 | . . 2 . 1 . . . 1 1 AOE 200 | . . 19 63 40 . . 16 . 62 Terrain Rammed . | . . . . . . . . . . Walls Destroyed . | . . . . . . . . . . Machines Disabled . | . . . . . . . . . . Actions | -11 -10 -9 -9 -8 -7 -7 -7 -7 -7 --------- Run | Scr Mat Mat Min Mat Fac Low Low Zio Dee Total 7044 | 4 791 1015 558 998 503 397 363 1144 1271 Wait 429 | . 62 25 15 90 15 46 59 1 116 Move 5888 | . 640 816 514 702 447 330 291 1107 1041 Hop . | . . . . . . . . . . Pick Up 86 | . 12 20 . 33 7 2 . 4 8 Fast Attach 18 | . 2 1 . 2 . . . 5 8 Attach 33 | . 3 2 1 13 3 . . 1 10 Detach 1 | . . . . . . . . 1 . Swap 124 | . 9 26 3 36 11 10 5 5 19 Drop 96 | 2 11 30 . 24 7 3 . 10 9 Fire 340 | 2 51 95 24 97 13 3 8 2 45 Melee 27 | . . . . 1 . 3 . 8 15 Ram 1 | . . . 1 . . . . . . Kick . | . . . . . . . . . . Crush 1 | . 1 . . . . . . . . Escape Stasis . | . . . . . . . . . . Rewire . | . . . . . . . . . . Trap . | . . . . . . . . . . Miscellaneous . | . . . . . . . . . . Route ------- -11/Scrapyard -10/Materials (discovered 4 exits: *Mat x3 / [*Min]) -9/Materials (discovered 3 exits: *Mat x2 / *Min) -9/Mines -8/Materials (discovered 2 exits: *Fac x2) -7/Factory (discovered 3 exits: Sto / *Low x2) -7/Lower Caves -7/Lower Caves -7/Zion (discovered 2 exits: [*Dee] / [*Pro]) -7/Deep Caves (discovered 1 exit: [*Pro]) History --------- Turn | Location | Event 8 | -11/Scrapyard | Discovered new exit (range 0) 8 | -11/Scrapyard | Entered Materials 243 | -10/Materials | Discovered new exit (range 13) 327 | -10/Materials | Build established: Mutant 428 | -10/Materials | Discovered new exit (range 8) 548 | -10/Materials | Discovered new exit (range 12) 843 | -10/Materials | Repaired Lgt. Treads 1181 | -10/Materials | Discovered new exit (range 4) 1244 | -10/Materials | Entered another Materials area 1244 | -9/Materials | Evolved 2 slots: Propulsion x1, Utility x1 1546 | -9/Materials | Discovered new exit (range 16) 1558 | -9/Materials | Destroyed 10 combat bots 1933 | -9/Materials | Discovered new exit (range 16) 2021 | -9/Materials | Build established: Scavenger-Mutant 2364 | -9/Materials | Discovered new exit (range 16) 2995 | -9/Materials | Entered Mines 3039 | -9/Mines | Met a Derelict bent on vengeance 3138 | -9/Mines | Learned Materials stockpile data 3491 | -9/Mines | Discovered new exit (range 10) 3650 | -9/Mines | Excavation squad dispatched 3650 | -9/Mines | A large section of the Mines collapsed 4030 | -9/Mines | Build established: Mutant 4086 | -9/Mines | Entered Materials 4086 | -8/Materials | Evolved 2 slots: Utility x1, Weapon x1 4708 | -8/Materials | Build established: Skirmisher 4775 | -8/Materials | Repaired Arm. Wheel 5110 | -8/Materials | Garrison activated, responded to threat 5526 | -8/Materials | Discovered new exit (range 4) 5921 | -8/Materials | Discovered new exit (range 16) 5954 | -8/Materials | Core integrity fell below 50% 6005 | -8/Materials | Lost 3 parts (1u2w) 6016 | -8/Materials | Entered Factory 6016 | -7/Factory | Evolved 2 slots: Propulsion x1, Utility x1 6259 | -7/Factory | Build established: Scavenger-Skirmisher 6429 | -7/Factory | Identified exit to Storage 6429 | -7/Factory | Identified exit to Lower Caves 7039 | -7/Factory | Entered Lower Caves 7040 | -7/Lower Caves | Encountered a Warlord checkpoint 7572 | -7/Lower Caves | Discovered new exit (range 11) 7813 | -7/Lower Caves | Entered another Lower Caves area 8423 | -7/Lower Caves | Discovered new exit (range 10) 8512 | -7/Lower Caves | Entered Zion 8733 | -7/Zion | Discovered new exit (range 16) 9178 | -7/Zion | Found Prototype Device 9178 | -7/Zion | Identified Phasing AFG 9394 | -7/Zion | Build established: Skirmisher 9394 | -7/Zion | Discovered new exit (range 15) 10122 | -7/Zion | Received a visual enhancement algorithm 10614 | -7/Zion | Build established: Assassin 10892 | -7/Zion | Entered Deep Caves 11196 | -7/Deep Caves | Build established: Mutant 11426 | -7/Deep Caves | Attacked by Z-Imprinter 11471 | -7/Deep Caves | Destroyed Z-Imprinter 11517 | -7/Deep Caves | Lost 13 parts (2p5n3u3w) 11581 | -7/Deep Caves | Found Prototype Protection 11582 | -7/Deep Caves | Identified Zio. Weapon Casing 11854 | -7/Deep Caves | Z-Facility disabled 12141 | -7/Deep Caves | Found Prototype Energy Cannon 12142 | -7/Deep Caves | Identified Latent Energy Streamer 12406 | -7/Deep Caves | Build established: Scavenger-Mutant 12574 | -7/Deep Caves | Discovered new exit (range 6) 13201 | -7/Deep Caves | Spotted as-51811 13220 | -7/Deep Caves | Core integrity fell below 50% 13253 | -7/Deep Caves | Core integrity fell below 20% 13262 | -7/Deep Caves | Destroyed by as-51811 with Assembled Focal Cannon Last Messages --------------- Zio. Light DM Reactor destroyed. Gauss Cannon destroyed. Latent Energy Streamer destroyed. &VQPQUTS0AFZUAW7GUU2DVHNPQ|B0 Dropped Zio. Biocell. Slug penetrates Wall. as-51811 IFF system glitched. as-51811 suffers critical hit (Blast). Destroyed Prototype Device. as-51811 GOLEM Unit beginning Prototype Device integration. as-51811 Prototype Device integration complete. as-51811 knocked back. Hvy. Assault Cannon destroyed. Dropped Zio. Weapon Casing. Dropped Adv. Reaction Control System. Cooling System destroyed. Exp. Heat Sink destroyed. Acquired 70 matter. as-51811 IFF system glitched. IJ-OJI(l) destroyed. Map ----- +----------------------------------------------------+ | ???? ???#????#??# ##????# ## | | ???? ? ???????# ##???# | | ???" #?#####??## ##??# | | ???" ### #??#?# #??# | | ??# ### ##### #?# # | | ??# # # ## ### | | ??# ##?# ### ##?? | | ??# #### ## ##?## | | ??# ### # ##?## | | ??# ######## #### ## #### | | ??# ##??################# ## | | ??# "####??###??#?##???## | | ??? #???#?#??###?####?### | | ??? ###??#####?###??#?#?# ## | | ???? ###?##?##?##?##?###### ### | | ???? ####?##?#?#?########?###### | | ???? #??########?#?### ##?#?#### | | ????? ! ##??###??##?#### ![ #####?## | | ????? ! #####?#########]![! ######## | | ???? ############# ! !![####?#?# | | ???? * ####?#####??# [!!] #?##?### | | ??? !! ###?#######?## ][!#####?### | | ??? ! ############### #######?# | | ??? * ## #### | | ??""" ### | | ??" G % = @ ### | | ???" * * ############### | | ??" #?#########???## ### | | ???" % ###?###??#?##?#### ### ### | | ??" " " #?###??#?#####?######### ## | | ??" #### "!!## ##?#########?#?????##??## | | ??""" ??#?## ""!#####?????######?##?#####?###### | | ????? ???????#### #######???####?##?#?####?#?###?# | | ?????????????????###?##?#????##?####??##?###??###? | | | | | | | | | | | | | | | | | | | | | | | | | | | | | | | | | +----------------------------------------------------+ Best States ------------- Heat Dissipation 82 Energy Generation 27 Energy Capacity 700 Matter Stores 300 Matter Capacity 300 Sight Range 16 Robot Scan Range 15 Terrain Scan Range 16 Terrain Scan Density 210 Jamming Range 8 Armor Coverage 375 Weapon Shielding 100 Weapon Cycling 15 Evasion (%) 68 Targeting Accuracy 6 Target Analysis 6 Recoil Reduction 4 Defensive Hacking 10 Item Schematics ----------------- Hacking Suite | -9/Materials | Scanalyzed Arm. Wheel | -9/Materials | Scanalyzed Hcp. Storage Unit | -9/Materials | Hacked Enh. Autogun | -8/Materials | Scanalyzed Beamcaster | -7/Zion | Free Battle Rifle | -7/Zion | Free Battle Cannon | -7/Zion | Free Slug Cannon | -7/Zion | Free Enh. Flamer | -7/Zion | Free Robot Schematics ------------------ None Fabricated ------------ Nothing Alien Tech Used ----------------- None Achievements -------------- None Challenges ------------ None Game ------ Seed PlasmaRagnarokScrap Manual? 0 Play Time 01:19:34 Cumulative 337.3 hours Start 2021.09.22 @ 23:52:26 End 2021.09.23 @ 01:20:39 Sessions 1 Manual Loads 0 Difficulty Rogue Special Mode None Game No. 361 Rogue 361 Adventurer 0 Explorer 0 Win Type - Total 6 Types 6/0/0/0/0/0/0/0/0 Lore% 78 Gallery% 90 Achievement% 68 Wizard Run 0 Options --------- ASCII 0 Keyboard 0 Movement Mouse Keybinds 1 Fullscreen 2 Font 24/Smallcaps Map View 76x50 Tactical HUD 1 Map Filters NONE Filters NONE Steam 1 RUN: a1dd1f46-e1fe-4cd7-a521-bf4083c8f572